 Dungeon Crawl Stone Soup version 0.20.0-15-g7f486f2 (webtiles) character file.

55512 kuniqs the Fighter (level 14, 132/132 (133) HPs)
             Began as a Minotaur Fighter on June 8, 2017.
             Was the Champion of Ashenzari.
             Quit the game on level 6 of the Lair of Beasts on June 9, 2017.
             The game lasted 00:24:22 (15173 turns).

kuniqs the Fighter (Minotaur Fighter)              Turns: 15173, Time: 00:24:23

HP:   132/132 (133) AC: 21    Str: 25    XL:     14   Next: 38%
MP:   22/22         EV: 14    Int:  5    God:    Ashenzari [******]
Gold: 969           SH: 18    Dex: 14    Spells: 13/13 levels left

rFire    . . .     SeeInvis +   g - +2 whip (elec) (curse)
rCold    . . .     Gourm    +   c - +3 shield (curse)
rNeg     + . .     Faith    .   O - +0 plate armour (curse)
rPois    .         Spirit   .   (helmet restricted)
rElec    .         Reflect  .   B - +0 cloak
rCorr    .         Harm     .   I - +0 pair of gloves
MR       +....     Clarity  +   r - +0 pair of boots "Wennocla" {rN+} (curse)
Stlth    ..........             A - amulet of the gourmand (curse)
Regen    0.4/turn               l - ring of magical power
MPRegen  0.2/turn               u - +3 ring of strength (curse)

@: no status effects
A: retaliatory headbutt, horns 2
a: Curse Item, Scrying, Transfer Knowledge, Renounce Religion


You were on level 6 of the Lair of Beasts.
You worshipped Ashenzari.
Ashenzari was exalted by your worship.
You were not hungry.

You visited 2 branches of the dungeon, and saw 18 of its levels.
You also visited: Labyrinth, Bailey and Volcano.

You collected 969 gold pieces.

Inventory:

Hand Weapons
 g - a cursed +2 whip of electrocution (weapon)
Armour
 c - a cursed +3 shield (worn)
 r - the cursed +0 pair of boots "Wennocla" (worn) {rN+}
   (You found it on level 4 of the Lair of Beasts)

   It protects you from negative energy.
   It has a curse placed upon it.
 B - a +0 cloak (worn)
 I - a +0 pair of gloves (worn)
 O - a cursed +0 plate armour (worn)
Jewellery
 l - a ring of magical power (left hand)
 u - a cursed +3 ring of strength (right hand)
 A - a cursed amulet of the gourmand (around neck)
 M - an uncursed ring of fire
 Y - an uncursed ring of flight
Wands
 o - a wand of confusion (10/48)
 y - a wand of polymorph (10/24)
 E - a wand of iceblast (10/15)
 K - a wand of flame (14/48)
 N - a wand of flame (21/48)
 Q - a wand of iceblast (4/15)
 T - a wand of confusion (29/48)
 U - a wand of digging (19/24)
Scrolls
 a - 2 scrolls of acquirement {unknown}
 h - 5 scrolls of amnesia {unknown}
 k - 5 scrolls of magic mapping
 t - 3 scrolls of blinking
 v - a scroll of recharging {unknown}
 w - a scroll of noise {unknown}
 x - 8 scrolls of teleportation {unknown}
 C - 3 scrolls of fear {unknown}
 D - 4 scrolls of fog {unknown}
 H - 10 scrolls of identify {@r1}
 L - 3 scrolls of random uselessness {unknown}
 R - 5 scrolls of vulnerability {unknown}
 S - a scroll of silence {unknown}
 X - a scroll of enchant weapon {unknown}
Potions
 b - 6 potions of lignification {unknown}
 i - 2 potions of agility {unknown}
 j - 4 potions of cancellation {unknown}
 m - 2 potions of degeneration {unknown}
 n - 2 potions of mutation {unknown}
 p - 4 potions of curing {unknown}
 q - 3 potions of might
 s - 5 potions of heal wounds
 z - 2 potions of haste
 G - a potion of berserk rage
 J - a potion of brilliance {unknown}
 V - a potion of ambrosia {unknown}
 Z - a potion of flight {unknown}
Miscellaneous
 P - a lamp of fire
Comestibles
 d - 14 bread rations
 e - 13 meat rations
 f - 8 fruits
 F - 6 royal jellies


   Skills:
 + Level 14.7 Fighting
 - Level 9.4(13.7) Maces & Flails
 + Level 14.3 Armour
 + Level 13.0 Dodging
 + Level 14.6(17.1) Shields


You had 13 spell levels left.
You didn't know any spells.

Dungeon Overview and Level Annotations

Branches:
Dungeon (12/15)            Temple (0/1) D:4            Lair (6/6) D:11
 Shoals (0/4) Lair:2       Spider (0/4) Lair:2        Slime (0/5) Lair:6
    Orc (0/2) D:12

Altars:
Ashenzari
Gozag
Qazlal
Ru
Sif Muna
Trog
Xom
Jiyva

Shops:
D:6 (

Annotations:
D:8 exclusion: ice statue
D:11 exclusion: 2 statues
Lair:6 exclusion: oklob plant


Innate Abilities, Weirdness & Mutations

You reflexively headbutt those who attack you in melee.
You have a pair of horns on your head.


Message History

The hippogriff bites you but does no damage.
You block the hippogriff's attack. The hippogriff barely misses you.
You hit the hippogriff but do no damage.
Your headbutt misses the hippogriff.
The hippogriff is severely wounded.
You whack the hippogriff!
You kill the hippogriff!
No target in view!
You see here a scroll labeled ZAIR TOORACITS.
Found a gluggy blue potion.
Found a bubbling dark potion.
You sense a monster nearby.
You hear a distant blaring wail to the north.
Found a royal jelly.
Found a scroll labeled UTHRARR VIRUO.
You see here a scroll of identify {@r1}.
You see here a blink frog skeleton.
You see here a yak skeleton.
You sense a monster nearby.
Are you sure you want to abandon this character and quit the game? (Confirm with "yes".)

#.## #P......%.# #.###..##
...####.......#.####..#....#####
...............................#
.♣♣.♣♣♣....♣♣..♣♣......♣♣......##
♣♣♣♣♣ ♣♣...♣♣♣♣♣♣♣♣.!♣.♣♣♣♣.....#
♣♣♣♣♣ ♣♣♣♣♣♣♣♣♣ ♣♣♣..## ♣♣.♣♣♣
♣♣♣♣ ♣....♣ ♣ ♣.@..♣ ♣♣
♣♣♣..♣♣..♣ .♣♣♣ ♣♣...♣♣* *..♣*
♣÷.♣♣♣♣ ♣♣♣♣...♣♣ * .,**
♣♣♣...♣♣♣....♣♣♣ * ,,* ♣
♣♣.......♣♣♣ *,{, ♣♣.♣♣P♣♣♣ * * *
♣♣♣♣♣+ ** * ** ,, , , , ♣ , *, ,
, ,8, ,


There were no monsters in sight!

Vanquished Creatures
  A dire elephant (Lair:6)
  Snorg (Lair:3)
  A minotaur (Lab)
  6 hydras
  4 two-headed ogres
  7 death yaks (Lair:6)
  4 unseen horrors
  Pikel (D:8)
  A lindwurm (Lair:3)
  2 ugly things (D:12)
  4 elephants
  A cyclops (D:11)
  A deep elf mage (D:12)
  A toenail golem (Lair:1)
  Maurice (D:12)
  A merfolk siren (Lair:2)
  4 black mambas
  Joseph (D:7)
  9 spiny frogs
  11 komodo dragons
  4 rime drakes
  2 trolls
  A merfolk (D:12)
  A hornet (Lair:4)
  Prince Ribbit (D:8)
  10 slime creatures (D:12)
  24 blink frogs
  9 hippogriffs
  A shadow (D:11)
  3 wraiths
  2 redbacks (Lair:2)
  A wyvern (Lair:6)
  37 yaks
  5 basilisks
  A hungry ghost (D:10)
  Edmund (D:4)
  16 water moccasins
  4 orc warriors
  7 porcupines
  2 phantoms
  4 black bears
  An eye of draining (D:10)
  5 necrophages
  A sky beast (D:11)
  An ice beast (D:9)
  3 centaurs (D:12)
  7 ogres
  10 wolves
  12 crocodiles
  3 big kobolds
  16 bullfrogs
  5 scorpions
  4 killer bees (D:10)
  4 spriggan skeletons (D:10)
  9 wights
  A wyvern skeleton (D:11)
  4 howler monkeys
  3 crimson imps
  A quasit (D:4)
  A centaur zombie (D:9)
  5 hounds
  8 orc priests
  3 bullfrog zombies
  2 jellies
  8 orc wizards
  3 centaur skeletons
  2 iguanas (D:8)
  Jessica (D:3)
  8 worker ants
  A hound zombie (D:9)
  2 hound skeletons
  A mummy (D:9)
  2 worker ant zombies
  3 gnolls (D:6)
  16 adders
  5 shadow imps
  An adder zombie (D:4)
  A worm (D:3)
  5 dart slugs
  6 leopard geckos
  57 orcs
  10 bats
  5 giant cockroaches
  7 goblins
  10 hobgoblins
  13 jackals
  26 kobolds
  6 quokkas
  A ball python (D:5)
  7 frilled lizards
  2 leopard gecko skeletons
  A leopard gecko zombie (D:5)
  A quokka zombie (D:7)
  4 rats
522 creatures vanquished.

Vanquished Creatures (others)
  An iguana (D:8)
  A plant (Lair:3)
2 creatures vanquished.

Grand Total: 524 creatures vanquished

Notes
Turn   | Place    | Note
-------+----------+-------------------------------------------
     0 | D:1      | kuniqs the Minotaur Fighter began the quest for the Orb.
     0 | D:1      | Reached XP level 1. HP: 19/19 MP: 0/0
   449 | D:1      | Reached XP level 2. HP: 27/27 MP: 1/1
   497 | D:1      | Reached skill level 1 in Dodging
   499 | D:1      | Upgraded the game from 0.20.0-14-g326068f to 0.20.0-15-g7f486f2
   756 | D:1      | Reached XP level 3. HP: 33/33 MP: 2/2
  1166 | D:2      | Found a shattered altar of Ashenzari.
  1174 | D:2      | Found a stormy altar of Qazlal.
  1174 | D:2      | Found a deep blue altar of Sif Muna.
  1187 | D:2      | Found an opulent altar of Gozag.
  1190 | D:2      | Became a worshipper of Ashenzari the Shackled
  1347 | D:2      | Reached XP level 4. HP: 40/40 MP: 3/3
  1926 | D:3      | Noticed Jessica
  1948 | D:3      | Killed Jessica
  1948 | D:3      | Reached XP level 5. HP: 27/46 MP: 4/4
  2278 | D:4      | Noticed Edmund
  2300 | D:4      | Killed Edmund
  2300 | D:4      | Reached skill level 5 in Shields
  2300 | D:4      | Reached XP level 6. HP: 8/53 MP: 5/5
  2587 | D:4      | Found a staircase to the Ecumenical Temple.
  2619 | D:4      | Reached * piety under Ashenzari
  2715 | D:4      | Reached skill level 5 in Fighting
  2715 | D:4      | Reached skill level 5 in Armour
  2972 | D:5      | Entered Level 5 of the Dungeon
  3016 | D:5      | Reached XP level 7. HP: 45/61 MP: 6/6
  3149 | D:5      | Found a sacrificial altar of Ru.
  3211 | D:5      | Found a bloodstained altar of Trog.
  3614 | D:5      | Reached skill level 5 in Maces & Flails
  3904 | D:6      | Found a sacrificial altar of Ru.
  4107 | D:6      | Reached XP level 8. HP: 60/70 MP: 7/7
  4171 | D:6      | Found Bifyer's Weapon Shoppe.
  4707 | D:7      | Reached skill level 5 in Dodging
  4801 | D:7      | Reached ** piety under Ashenzari
  4870 | D:7      | Noticed Joseph
  4890 | D:7      | Killed Joseph
  5037 | D:7      | Reached XP level 9. HP: 69/79 MP: 8/8
  5688 | D:8      | Noticed a two-headed ogre
  5717 | D:8      | Killed a two-headed ogre
  5838 | D:8      | Noticed Pikel
  5857 | D:8      | Killed Pikel
  6231 | D:8      | Reached XP level 10. HP: 87/90 MP: 9/9
  6360 | D:8      | Noticed Prince Ribbit
  6367 | D:8      | Killed Prince Ribbit
  6484 | D:8      | Noticed an ice statue
  6653 | D:9      | Found a flagged portal.
  6668 | Bailey   | Entered a bailey
  7360 | D:10     | Entered Level 10 of the Dungeon
  7360 | D:10     | Noticed a two-headed ogre
  7367 | D:10     | Killed a two-headed ogre
  7602 | D:10     | Noticed a two-headed ogre
  7607 | D:10     | Killed a two-headed ogre
  7607 | D:10     | Reached skill level 10 in Fighting
  7607 | D:10     | Reached XP level 11. HP: 96/98 MP: 10/10
  7691 | D:10     | Reached skill level 10 in Shields
  7828 | D:10     | Reached *** piety under Ashenzari
  7879 | D:10     | Noticed an unseen horror
  7886 | D:10     | Killed an unseen horror
  7886 | D:10     | Reached skill level 10 in Armour
  8035 | D:10     | Noticed an unseen horror
  8066 | D:10     | Killed an unseen horror
  8251 | D:11     | Noticed an unseen horror
  8260 | D:11     | Killed an unseen horror
  8287 | D:11     | Found a staircase to the Lair.
  8353 | D:11     | Found a labyrinth entrance.
  8358 | Lab      | Entered a labyrinth
  8499 | Lab      | Noticed a minotaur
  8512 | Lab      | Killed a minotaur
  8513 | Lab      | Identified the Guide on Sinister Battle Magic
  8514 | Lab      | Identified the amulet "Fuficzo" {Harm *Drain Dex+4}
  8580 | D:11     | Noticed an archer statue
  8758 | D:11     | Noticed a two-headed ogre
  8769 | D:11     | Killed a two-headed ogre
  8770 | D:11     | Noticed an unseen horror
  8775 | D:11     | Killed an unseen horror
  8828 | D:11     | Found a shimmering altar of Xom.
  9300 | D:11     | Reached XP level 12. HP: 98/109 MP: 11/11
  9377 | D:12     | Found a staircase to the Orcish Mines.
  9398 | D:12     | Noticed Maurice
  9412 | D:12     | Killed Maurice
  9412 | D:12     | Reached skill level 10 in Dodging
  9678 | D:12     | Noticed Nessos
  9679 | D:12     | Noticed Nessos
  9679 | D:12     | Nessos changed into Nessos the merfolk
  9695 | D:12     | Killed Nessos the merfolk
 10048 | D:12     | Reached **** piety under Ashenzari
 10423 | Lair:1   | Entered Level 1 of the Lair of Beasts
 10429 | Lair:1   | Found a dark tunnel.
 10438 | Volcano  | Entered a volcano
 10782 | Lair:1   | Noticed a four-headed hydra
 10792 | Lair:1   | Killed a four-headed hydra
 11105 | Lair:2   | Reached XP level 13. HP: 111/121 MP: 12/12
 11109 | Lair:2   | Found a staircase to the Shoals.
 11211 | Lair:2   | Found a hole to the Spider Nest.
 11432 | Lair:2   | Reached ***** piety under Ashenzari
 11699 | Lair:3   | Noticed Snorg
 11709 | Lair:3   | Killed Snorg
 12692 | Lair:4   | Paralysed by a hornet for 1 turns
 12826 | Lair:4   | Got the uncursed pair of boots "Wennocla" {rN+}
 12832 | Lair:4   | Identified the +0 pair of boots "Wennocla" {rN+} (You found it on level 4 of the Lair of Beasts)
 14197 | Lair:6   | Entered Level 6 of the Lair of Beasts
 14429 | Lair:6   | Reached XP level 14. HP: 121/131 MP: 13/13
 14908 | Lair:6   | Found a staircase to the Slime Pits.
 14909 | Lair:6   | Found a viscous altar of Jiyva.
 15172 | Lair:6   | Reached ****** piety under Ashenzari
 15173 | Lair:6   | Quit the game

Skill      XL: |  1  2  3  4  5  6  7  8  9 10 11 12 13 14 |
---------------+-------------------------------------------+-----
Dodging        | 1 2 3 4 5 7 8 9 11 12 13 | 13.0
Fighting       | 4 5 6 7 8 10 11 13 14 | 14.7
Shields        | 4 5 6 7 8 9 11 12 14 | 14.6
Maces & Flails | 3 4 5 6 7 9 |  9.4
Armour         | 4 5 6 7 8 9 11 12 13 14 | 14.3

Action                   |  1- 3 |  4- 6 |  7- 9 | 10-12 | 13-15 || total
-------------------------+-------+-------+-------+-------+-------++-------
Melee: Flail             |   122 |   191 |   267 |       |       ||   580
       Headbutt          |    17 |    27 |    68 |   235 |   189 ||   536
       Whip              |       |       |    38 |   816 |   667 ||  1521
Invok: Curse Item        |       |     2 |     2 |       |     2 ||     6
Evoke: Wand              |       |       |     5 |     2 |       ||     7
  Use: Scroll            |       |     6 |       |     1 |     1 ||     8
       Potion            |       |     1 |     1 |       |       ||     2
 Stab: Confused          |       |       |       |     1 |       ||     1
       Held in net/web   |       |       |       |       |     1 ||     1
  Eat: Chunk             |     1 |    22 |    15 |    19 |     8 ||    65
Armor: Scale mail        |    61 |    39 |       |       |       ||   100
       Chain mail        |       |    52 |    72 |    26 |       ||   150
       Plate armour      |       |       |       |    91 |   128 ||   219
Dodge: Dodged            |    45 |    78 |    76 |   140 |   115 ||   454
Block: Shield            |    54 |   142 |   204 |   383 |   330 ||  1113
